 Dungeon Crawl Stone Soup version 0.29.1-debian-4-g95531337e3 (webtiles) character file.

Game seed: 17635406654417395518

247 Dreamer the Shield-Bearer (level 6, 0/49 HPs)
             Began as a Formicid Fighter on Sept 13, 2022.
             Slain by an orc
             ... wielding a +1 hand axe of freezing
              (4 damage)
             ... on level 4 of the Dungeon.
             The game lasted 00:10:30 (3285 turns).

Dreamer the Shield-Bearer (Formicid Fighter)        Turns: 3285, Time: 00:10:31

Health: 0/49       AC:  8    Str: 26    XL:     6   Next: 33%
Magic:  6/6        EV:  8    Int:  7    God:
Gold:   229        SH:  9    Dex: 13    Spells: 5/5 levels left

rFire   . . .      SeeInvis +   m - +1 club (spect)
rCold   . . .      Faith    .   i - +0 kite shield
rNeg    . . .      Spirit   .   b - +0 scale mail
rPois   .          Reflect  .   (helmet unavailable)
rElec   .          Harm     .   (no cloak)
rCorr   .          Rampage  .   j - +0 pair of gloves {Str+3}
Will    .....                   (no boots)
Stlth   ..........              (no amulet)
HPRegen 0.16/turn               (no ring)
MPRegen 0.10/turn               (no ring)

@: attractive
A: permanent stasis, dig shafts and tunnels, antennae 3, four strong arms
a: Dig, Shaft Self


You were on level 4 of the Dungeon.
You visited 1 branch of the dungeon, and saw 4 of its levels.

You collected 229 gold pieces.

Inventory:

Hand Weapons
 a - a +0 flail
 m - a +1 spectral club (weapon)
Armour
 b - a +0 scale mail (worn)
 i - a +0 kite shield (worn)
 j - a +0 pair of gloves of strength (worn)
Scrolls
 c - a scroll of blinking {unknown}
 e - 2 scrolls of fear {unknown}
 g - 4 scrolls of identify {unknown}
 h - a scroll of noise {unknown}
 n - a scroll of brand weapon {unknown}
 p - a scroll of enchant weapon {unknown}
 q - a scroll of teleportation {unknown}
 s - 3 scrolls of poison {unknown}
 u - a scroll of magic mapping {unknown}
 x - a scroll of vulnerability {unknown}
Potions
 d - a potion of might
 f - a potion of resistance {unknown}
 k - a potion of attraction
 l - a potion of ambrosia {unknown}
 o - a potion of curing
 r - a potion of lignification {unknown}
 t - a potion of flight {unknown}
 v - a potion of heal wounds {unknown}
 w - a potion of brilliance {unknown}


   Skills:
 + Level 4.3 Fighting
 * Level 4.1 Maces & Flails
 + Level 4.3 Armour
 + Level 5.3 Shields


You had 5 spell levels left.
You didn't know any spells.
Your spell library contained the following spells:

 Spells                   Type           Power      Damage    Failure   Level
 Foxfire                  Conj/Fire      0%         2x1d4     92%         1
 Inner Flame              Hex/Fire       0%         N/A       100%        3
 Kindle Blastsparks       Fire/Tloc/Air  0%         2d10      100%        3
 Flame Wave               Conj/Fire      0%         2d4       100%        4


Dungeon Overview and Level Annotations

Branches:
Dungeon (4/15)
 Temple: D:4-7

Altars:
Elyvilon


Innate Abilities, Weirdness & Mutations

You cannot be hasted, slowed, berserked, paralysed or teleported.
You can dig through walls and to a lower floor.
You have a pair of large antennae on your head. (SInv)
Your four strong arms can wield two-handed weapons with a shield.


Message History

The orc wizard is moderately wounded.
You block the orc wizard's attack.
You hit the orc wizard.
The orc wizard is moderately wounded.
The orc wizard gestures wildly while chanting.
The orc wizard flickers and vanishes for a moment.
You closely miss the orc wizard.
The orc wizard is moderately wounded.
The orc wizard hits you but does no damage. x2
You barely miss the orc wizard.
The orc wizard is moderately wounded.
You block the orc wizard's attack.
You hit the orc wizard.
The orc wizard is severely wounded.
The orc wizard hits you with a +0 dagger.
* * * LOW HITPOINT WARNING * * *
You miss the orc wizard.
The orc wizard is severely wounded.
The orc wizard hits you with a +0 dagger.
* * * LOW HITPOINT WARNING * * *
You closely miss the orc wizard.
The orc wizard is severely wounded.
You block the orc wizard's attack. The orc wizard barely misses you.
You closely miss the orc wizard.
The orc wizard is severely wounded.
You block the orc wizard's attack.
You hit the orc wizard.
You kill the orc wizard!
Your life force feels restored.
You closely miss the orc. The orc barely misses you.
You hit the orc but do no damage.
The orc hits you with a +1 hand axe of freezing.
* * * LOW HITPOINT WARNING * * *
The orc freezes you.
* * * LOW HITPOINT WARNING * * *
You hit the orc.
The orc is heavily wounded.
You block the orc's attack.
The orc hits you with a +1 hand axe of freezing.
You die...

# #####
############...#
#............#.#
#.##########...#
..# ##.## #.#
#.# #.# #.# #.#
#.#### #.#
#.##@## #.#
#.###o### #.#
#.##.##.## .#
#........#
#######.## .# .#
{{. .{


You could see an orc.

Vanquished Creatures
  A hound (D:4)
  An orc priest (D:4)
  2 orc wizards (D:4)
  Robin (D:2)
  4 adders
  2 dart slugs
  5 orcs
  8 bats
  6 endoplasms
  3 giant cockroaches
  11 goblins
  6 hobgoblins
  3 jackals (D:3)
  3 quokkas
  10 ball pythons
  5 frilled lizards
  7 kobolds (D:1)
  3 rats
81 creatures vanquished.

Notes
Turn   | Place    | Note
-------+----------+-------------------------------------------
     0 | D:1      | Dreamer the Formicid Fighter began the quest for the Orb.
     0 | D:1      | Reached XP level 1. HP: 18/18 MP: 1/1
    54 | D:1      | Reached XP level 2. HP: 24/24 MP: 2/2
   319 | D:1      | Found a faded altar of an unknown god.
   392 | D:1      | Reached XP level 3. HP: 29/29 MP: 3/3
  1237 | D:2      | Noticed Robin
  1250 | D:2      | Reached XP level 4. HP: 37/37 MP: 4/4
  1278 | D:2      | Killed Robin
  1460 | D:2      | You fall into a shaft and drop 2 floors!
  1768 | D:3      | Found a white marble altar of Elyvilon.
  1885 | D:3      | Reached XP level 5. HP: 42/42 MP: 5/5
  2939 | D:4      | Reached skill level 5 in Shields
  3266 | D:4      | Reached XP level 6. HP: 23/44 MP: 6/6
  3285 | D:4      | Slain by an orc

Illustrated notes

Levels and vault maps discovered:
D:1:      wheals_arrival_shading, layout_rooms,
          nicolae_ecumenical_snake_handling
D:2:      layout_loops_cross, uniq_robin
D:3:      layout_loops_cross, nicolae_elyvilon_peaceful_grove
D:4:      layout_loops_ring

Skill      XL: |  1  2  3  4  5  6 |
---------------+-------------------+-----
Maces & Flails | 3 4 |  4.1
Armour         | 4 |  4.3
Fighting       | 4 |  4.3
Shields        | 5 |  5.3

Action                   |  1- 3 |  4- 6 || total
-------------------------+-------+-------++-------
Melee: Flail             |   106 |    26 ||   132
       Club              |       |   144 ||   144
 Abil: Dig               |       |     1 ||     1
  Use: Potion            |       |     2 ||     2
Armor: Scale mail        |    54 |    68 ||   122
Dodge: Dodged            |    41 |    48 ||    89
Block: Buckler           |     7 |       ||     7
       Kite shield       |    32 |    72 ||   104
